 Dungeon Crawl Stone Soup version 0.29.1-1-gd02db6906a (webtiles) character file.

Game seed: 2158270645069557438

643 Earthwalker the Shield-Bearer (level 7, -2/62 HPs)
             Began as a Minotaur Fighter on Oct 22, 2022.
             Slain by a centaur (3 damage)
             ... on level 5 of the Dungeon.
             The game lasted 00:05:17 (3612 turns).

Earthwalker the Shield-Bearer (Minotaur Fighter)    Turns: 3612, Time: 00:05:18

Health: -2/62      AC:  7    Str: 22    XL:     7   Next: 26%
Magic:  6/6        EV: 10    Int:  5    God:
Gold:   156        SH: 10    Dex: 10    Spells: 6/6 levels left

rFire   . . .      SeeInvis +   a - +0 war axe
rCold   . . .      Faith    .   c - +0 buckler
rNeg    . . .      Spirit   .   b - +0 scale mail
rPois   +          Reflect  +   (helmet restricted)
rElec   .          Harm     .   (no cloak)
rCorr   .          Rampage  .   (no gloves)
Will    .....                   (no boots)
Stlth   ..........              n - amulet of reflection
HPRegen 0.20/turn               r - ring of see invisible
MPRegen 0.10/turn               w - ring of poison resistance

@: no status effects
A: horns 2, retaliatory headbutt
a: no special abilities


You were on level 5 of the Dungeon.
You visited 1 branch of the dungeon, and saw 5 of its levels.

You collected 156 gold pieces.

Inventory:

Hand Weapons
 a - a +0 war axe (weapon)
Missiles
 i - 14 poisoned darts (quivered)
 q - 5 boomerangs
Armour
 b - a +0 scale mail (worn)
 c - a +0 buckler (worn)
Jewellery
 k - an amulet of faith
 n - an amulet of reflection (around neck)
 r - a ring of see invisible (left hand)
 w - a ring of poison resistance (right hand)
 y - a ring of resist corrosion
Wands
 m - a wand of mindburst (12)
Scrolls
 e - 4 scrolls of teleportation {unknown}
 h - 2 scrolls of immolation
 l - a scroll of torment {unknown}
 p - 2 scrolls of amnesia {unknown}
 t - a scroll of enchant weapon {unknown}
 v - a scroll of identify {unknown}
 x - a scroll of magic mapping {unknown}
 z - a scroll of blinking {unknown}
Potions
 d - a potion of might
 f - 2 potions of flight {unknown}
 g - a potion of resistance {unknown}
 j - a potion of curing {unknown}
 o - a potion of lignification {unknown}
 s - 2 potions of haste {unknown}
 u - a potion of mutation {unknown}


   Skills:
 * Level 5.7 Fighting
 * Level 5.1 Axes
 * Level 5.6 Armour
 + Level 2.6 Dodging
 * Level 5.7 Shields


You had 6 spell levels left.
You didn't know any spells.
Your spell library was empty.

Dungeon Overview and Level Annotations

Branches:
Dungeon (5/15)             Temple (0/1) D:5

Altars:
Ashenzari

Annotations:
D:5 1 runed translucent door, Crazy Yiuf


Innate Abilities, Weirdness & Mutations

You have a pair of horns on your head.
You reflexively headbutt those who attack you in melee.


Message History

You slash the ice beast!
You kill the ice beast!
Your Axes skill increases to level 5!
No target in view!
You start resting.
HP restored.
Found a staircase to the Ecumenical Temple.
An ogre comes into view. It is wielding a +0 giant club.
The ogre shouts!
A centaur comes into view.
Found a troll leather armour.
The centaur wields a +0 shortbow.
The centaur shoots an arrow.
The arrow hits you.
You hit the ogre.
The ogre is lightly wounded.
The centaur shoots an arrow.
The arrow closely misses you.
The centaur shoots an arrow.
The arrow hits you.
The ogre hits you with a +0 giant club!!
The centaur shoots an arrow.
The arrow closely misses you.
The centaur shoots an arrow.
The arrow misses you.
The centaur shoots an arrow.
The arrow hits you!
* * * LOW HITPOINT WARNING * * *
You are too injured to fight recklessly!
You are too injured to fight recklessly!
You are too injured to fight recklessly!
You closely miss the ogre.
The ogre is lightly wounded.
You block the ogre's attack.
The centaur shoots an arrow.
You reflect the arrow off an invisible shield around you!
The arrow barely misses the centaur.
You hit the ogre.
The ogre is moderately wounded.
The ogre hits you with a +0 giant club!
* * * LOW HITPOINT WARNING * * *
You slash the centaur!
The centaur is severely wounded.
You hit the ogre.
The centaur unwields a +0 shortbow.
The centaur closely misses you.
The centaur kicks you but does no damage.
You block the ogre's attack. The centaur hits you.
You die...

##.#####......## ..
#...##.........#...
##...#..............
#...................
#####............P.P...
#.# ##............>....
##.###...##..#....P.P...
#...#......Oc#.#..c....[
#..........@...#....#...
#............#.....## ..
#............#.?..... .
#...##.......##.......
##...###.....####......
#.............## ...
##.............###
##..............#
##....#.........


You could see an ogre and a centaur.

Vanquished Creatures
  An ice beast (D:5)
  An ogre (D:5)
  A phantom (D:5)
  A necrophage (D:5)
  A howler monkey (D:5)
  A jelly (D:5)
  2 hounds
  A gnoll bouda (D:3)
  6 gnolls
  4 adders
  4 worms
  2 dart slugs
  An orc (D:3)
  4 ball pythons
  5 endoplasms
  2 giant cockroaches (D:3)
  7 goblins (D:1)
  8 hobgoblins
  9 kobolds
  5 quokkas
  3 bats
  2 rats (D:3)
71 creatures vanquished.

Notes
Turn   | Place    | Note
-------+----------+-------------------------------------------
     0 | D:1      | Earthwalker the Minotaur Fighter began the quest for the
                  | Orb.
     0 | D:1      | Reached XP level 1. HP: 19/19 MP: 0/0
   226 | D:1      | Found a faded altar of an unknown god.
   232 | D:1      | Reached XP level 2. HP: 26/27 MP: 1/1
   349 | D:1      | Reached XP level 3. HP: 33/33 MP: 2/2
  1216 | D:2      | Found a broken altar of Ashenzari.
  1225 | D:2      | Reached skill level 1 in Dodging
  1583 | D:3      | Reached XP level 4. HP: 30/40 MP: 3/3
  2081 | D:3      | Reached XP level 5. HP: 39/47 MP: 4/4
  3088 | D:5      | Entered Level 5 of the Dungeon
  3088 | D:5      | Noticed an ogre
  3096 | D:5      | Killed an ogre
  3097 | D:5      | Reached skill level 5 in Fighting
  3097 | D:5      | Reached skill level 5 in Armour
  3097 | D:5      | Reached skill level 5 in Shields
  3097 | D:5      | Reached XP level 6. HP: 34/56 MP: 5/5
  3420 | D:5      | Reached XP level 7. HP: 47/61 MP: 6/6
  3465 | D:5      | Found a runed translucent door.
  3466 | D:5      | Noticed Crazy Yiuf
  3512 | D:5      | Reached skill level 5 in Axes
  3597 | D:5      | Found a staircase to the Ecumenical Temple.
  3611 | D:5      | HP: 1/62 [ogre/+0 giant club (17)]
  3612 | D:5      | Slain by a centaur

Illustrated notes

Levels and vault maps discovered:
D:1:      nagdon_arrival_double_spiral, layout_rooms, serial_aquarium,
          aquarium_bridge_long_separate [aquarium_subvault_bridge,
          aquarium_subvault_window, aquarium_subvault_bridge,
          aquarium_subvault_wall, aquarium_subvault_bridge,
          aquarium_subvault_bridge], aquarium_window_corner,
          aquarium_window_fake, aquarium_window_3, aquarium_window_1,
          aquarium_view_2f, aquarium_pool_corner,
          hellmonk_ecumenical_altar_blasted
D:2:      layout_basic, basic_altar
D:3:      layout_rooms
D:4:      layout_loops_ring, kennysheep_minor_cross
D:5:      layout_cave_pools, minmay_temple_entry_trees, uniq_crazy_yiuf_cottage

Skill      XL: |  1  2  3  4  5  6  7 |
---------------+----------------------+-----
Fighting       | 4 5 |  5.7
Armour         | 4 5 |  5.6
Shields        | 4 5 |  5.7
Axes           | 3 4 5 |  5.1
Dodging        | 1 2 |  2.6

Action                   |  1- 3 |  4- 6 |  7- 9 || total
-------------------------+-------+-------+-------++-------
Melee: War axe           |    55 |   100 |    11 ||   166
       Headbutt          |     5 |    16 |     1 ||    22
Armor: Scale mail        |    16 |    33 |     3 ||    52
Dodge: Dodged            |    19 |    38 |     6 ||    63
Block: Buckler           |    14 |    44 |     3 ||    61
       Reflection        |     1 |       |     1 ||     2
